AoeStats
← Irving Legend

Arabia

503594621Analyzed
1v1 RM · 1mo ago on Sep 1, 2026· 49m 9s· 2 players
Game mode
Random Map
Map size
Tiny (2 player)
Population
200
Speed
Normal
Resources
Standard
Victory
Conquest
Starting age
Dark Age
Ending age
Imperial Age
RankedLock teamsTeams togetherTeam positionsShared explorationLock speedFull tech treeHidden civsTurbo modeCheats
Victory
Defeat
🇸🇪 Vietnamese · Sweden
1158
+17
🇨🇦 Romans · Canada
1186
-17
Bob Skurk
7:39 Loom
10:21 Feudal Age
11:04 Double-Bit Axe
13:58 Fletching
14:20 Horse Collar
19:08 Wheelbarrow
21:13 Castle Age
19:19 Gold Mining
20:23 Scale Mail Armor
21:46 Bloodlines
22:12 Bow Saw
22:24 Hand Cart
22:10 Heavy Plow
22:19 Padded Archer Armor
23:09 Bodkin Arrow
24:06 Scale Mail Armor
24:31 Scale Barding Armor
27:54 Forging
28:22 Husbandry
30:53 Leather Archer Armor
31:21 Ballistics
32:36 Chain Barding Armor
34:07 Town Watch
35:41 Stone Mining
36:28 Iron Casting
42:16 Imperial Age
40:19 Chatras
44:02 Two-Man Saw
43:33 Crop Rotation
44:08 Chemistry
43:11 Bracer
43:47 Plate Barding Armor
44:20 Heavy Cavalry Archer
46:30 Paper Money
47:47 Elite Battle Elephant
49:04 Scale Mail Armor
48:29 Elite Skirmisher
49:11 Squires
Irving Legend
6:18 Loom
9:18 Feudal Age
9:35 Man-at-Arms
14:51 Double-Bit Axe
15:26 Town Watch
16:23 Fletching
17:45 Wheelbarrow
21:25 Castle Age
19:20 Horse Collar
20:00 Gold Mining
20:55 Scale Mail Armor
21:06 Forging
22:33 Chain Mail Armor
21:51 Long Swordsman
23:23 Squires
29:24 Bow Saw
29:57 Pikeman
32:34 Ballistics
37:48 Bloodlines
37:38 Husbandry
38:36 Stone Mining
39:54 Scale Barding Armor
40:25 Iron Casting
41:11 Chain Barding Armor
44:18 Imperial Age
44:11 Hand Cart
44:13 Devotion
45:03 Masonry
45:38 Plate Barding Armor
44:31 Cavalier
45:13 Heavy Plow
45:31 Halberdier
46:47 Conscription
Connection lost

Rejoining the realm…

Still unreachable

The connection could not be restored.

Session expired

The server has moved on; the page needs a fresh start.